 Dungeon Crawl Stone Soup version 0.18-a0-1575-g920359c (webtiles) character file.

352 4thArraOfDagon the Sneak (level 6, 0/73 HPs)
             Began as a Naga Enchanter on Mar 16, 2016.
             Was a Follower of Dithmenos.
             Slain by a hound (4 damage)
             ... on level 6 of the Dungeon.
             The game lasted 00:06:11 (1016 turns).

4thArraOfDagon the Sneak (Naga Enchanter)           Turns: 1016, Time: 00:06:12

Health: 0/73       AC:  4    Str: 15    XL:     6   Next: 62%
Magic:  1/9        EV: 10    Int: 17    God:    Dithmenos [*.....]
Gold:   125        SH:  0    Dex: 12    Spells: 2 memorised, 6 levels left

rFire  . . .     SeeInvis +     n - +0 short sword
rCold  . . .     Gourm    .     b - +1 robe
rNeg   . . .     Faith    .     (no shield)
rPois  +         Spirit   .     (no helmet)
rElec  .         Dismiss  .     (no cloak)
rCorr  .         Reflect  .     (no gloves)
SustAt .         Harm     .     (no barding)
MR     .....                    (no amulet)
Stlth  ..........               (no ring)
                                (no ring)

@: mighty, berserking, flying, very slightly contaminated, wreathed by umbra,
quick, not resistant to hostile enchantments, extremely unstealthy
A: see invisible, deformed body, poison resistance, slowness 2, slow metabolism
1, spit poison 2, AC +2
a: Spit Poison, Renounce Religion


You were on level 6 of the Dungeon.
You worshipped Dithmenos.
Dithmenos was aware of your devotion.
You were hungry.

You visited 1 branch of the dungeon, and saw 6 of its levels.

You collected 125 gold pieces.

Inventory:

Hand Weapons
 m - a +0 blowgun
 n - a +0 short sword (weapon)
Missiles
 g - 21 poisoned needles
Armour
 b - a +1 robe (worn)
Scrolls
 a - a scroll of enchant weapon {unknown}
 e - a scroll of recharging {unknown}
 o - 3 scrolls of identify {unknown}
 s - a scroll of remove curse {unknown}
Potions
 h - a potion of resistance {unknown}
 l - a potion of haste {unknown}
 r - a potion of degeneration {unknown}
 t - a potion of agility {unknown}
Books
 c - a book of Maledictions

   Spells                             Type                      Level
   a - Corona                         Hexes                        1
   b - Ensorcelled Hibernation        Hexes/Ice                    2
   c - Confuse                        Hexes                        3
   d - Tukima's Dance                 Hexes                        3
   e - Dazzling Spray                 Conjuration/Hexes            3
Miscellaneous
 p - a plain deck of destruction
Comestibles
 d - a bread ration
 i - 4 fruits
 q - 6 chunks of flesh


   Skills:
 * Level 4.3 Short Blades
 - Level 1.5 Dodging
 - Level 6.0 Stealth
 - Level 2.0 Spellcasting
 - Level 4.3 Hexes
 - Level 2.2 Ice Magic


You had 6 spell levels left.
You knew the following spells:

 Your Spells              Type           Power        Failure   Level  Hunger
a - Corona                Hex            ###....      3%          1    #......
b - Ensorcelled Hibernat  Hex/Ice        ##....       10%         2    ###....


Dungeon Overview and Level Annotations

Branches:
Dungeon (6/15)
 Temple: D:4-7

Altars:
Dithmenos
Nemelex Xobeh


Innate Abilities, Weirdness & Mutations

You cannot wear boots.
Your serpentine skin is tough (AC +2).
You have supernaturally acute eyesight.
Armour fits poorly on your strangely shaped body.
Your system is resistant to poisons.
You cover ground very slowly.
You have a slow metabolism.
You can spit poison.


Message History

The hound resists with some effort.
The hound bites you.
* * * LOW HITPOINT WARNING * * *
Drink which item? (? for menu, Esc to quit)
It was a potion of might.
You feel very mighty all of a sudden.
You have got your breath back.
The hound closely misses you. The hound bites you.
* * * LOW HITPOINT WARNING * * *
Drink which item? (? for menu, Esc to quit)
It was a potion of flight.
You feel very buoyant.
You fly up into the air.
The hound bites you.
* * * LOW HITPOINT WARNING * * *
Unknown command.
Drink which item? (? for menu, Esc to quit)
It was a potion of berserk rage.
A red film seems to cover your vision as you go berserk!
You feel yourself moving faster!
You feel mighty! The hound barely misses you. The hound bites you.
You die...

#)# ##...## #.# ##...#
#.# ##+## #.######.##
#.# #.## #........#
#.# #.......######.#
##.....#.# #.#
##...##.#.# #.#
#.....#.#.######.#
#...#...........#
######..h@..#.########
.....?...##.#.#
######..##.#.#
#.......# #.#######
#.# #.# #.# #.#


You could see a hound.

Vanquished Creatures
  A hippogriff (D:6)
  A centaur (D:6)
  A hound (D:4)
  An iguana (D:6)
  2 worker ants
  2 adders
  A shadow imp (D:6)
  An ooze (D:1)
  A worm (D:2)
  4 bats
  A giant cockroach (D:2)
  A goblin (D:2)
  A hobgoblin (D:1)
  A quokka (D:2)
  A giant newt (D:2)
  2 kobolds
  2 rats
24 creatures vanquished.

Notes
Turn   | Place    | Note
--------------------------------------------------------------
     0 | D:1      | 4thArraOfDagon the Naga Enchanter began the quest for the Orb.
     0 | D:1      | Reached XP level 1. HP: 15/15 MP: 3/3
     0 | D:1      | starting this
    57 | D:2      | Reached XP level 2. HP: 22/22 MP: 5/5
    61 | D:2      | Learned a level 2 spell: Ensorcelled Hibernation
   234 | D:2      | Found a faded altar to an unknown god.
   254 | D:2      | Became a worshipper of Dithmenos the Shadowed
   254 | D:2      | Reached * piety under Dithmenos
   282 | D:2      | MEH
   412 | D:2      | Reached XP level 3. HP: 19/28 MP: 3/6
   644 | D:4      | Found a sparkling altar of Nemelex Xobeh.
   668 | D:4      | Reached skill level 1 in Ice Magic
   686 | D:4      | Reached skill level 5 in Stealth
   686 | D:4      | Reached XP level 4. HP: 6/36 MP: 2/7
   744 | D:5      | Entered Level 5 of the Dungeon
   792 | D:6      | Noticed a hippogriff
   804 | D:6      | Killed a hippogriff
   804 | D:6      | Reached skill level 6 in Stealth
   804 | D:6      | Reached XP level 5. HP: 15/42 MP: 8/8
   876 | D:6      | Reached XP level 6. HP: 33/49 MP: 9/9
  1016 | D:6      | Slain by a hound

Vault maps used:
D:1:      erik_arrival_triangle_medium
D:2:      ecumenical_altar_2
D:4:      lemuel_doored_altar, nemelex_deck
D:5:      gammafunk_temple_overflow_elements, serial_shops, shop, first_bread,
          makhleb_altar_promises_db
D:6:      kennysheep_little_box, minmay_temple_entry_statues_fountains

Skill      XL: |  1  2  3  4  5  6 |
---------------+-------------------+-----
Short Blades   | 2 3 4 |  4.3
Ice Magic      | 1 2 |  2.2
Stealth        | 5 6 |  6.0
Hexes          | 4 |  4.3
Dodging        | |  1.5
Spellcasting   | |  2.0

Action                   |  1- 3 |  4- 6 || total
-------------------------+-------+-------++-------
Melee: Dagger            |    26 |       ||    26
       Short sword       |    22 |    32 ||    54
 Fire: Blowgun           |     2 |     4 ||     6
 Cast: Ensorcelled Hiber |     3 |     6 ||     9
 Abil: Spit Poison       |    16 |     5 ||    21
  Use: Potion            |       |     3 ||     3
 Stab: Sleeping          |     5 |     5 ||    10
  Eat: Chunk             |       |     1 ||     1
